[Event "Thursday 26 April Rapid Engine Tour 12+1 Rounds 9 Starts 1600ST"]
[Site "Infinity Chess"]
[Date "2018.4.26"]
[Round "8"]
[White "star99"]
[Black "ludimilojko"]
[Result "1/2-1/2 "]
[ECO "C77"]
[WhiteElo "2456"]
[BlackElo "2285"]
[WhiteEngine "Cryptic Heroes 9.4B"]
[BlackEngine "Raubfisch X38b_CTG"]
[EventType "Swiss"]
[WhiteTeam ""]
[BlackTeam ""]
[PlyCount "114"]
[TimeControl "720+1"]

1. e4 e5 2. Nf3 Nc6 3. Bb5 a6 4. Ba4 Nf6 5. O-O Be7 6. Re1 b5 7. Bb3 O-O 
8. a4 b4 9. d3 d6 10. a5 Be6 11. Bxe6 fxe6 12. Nbd2 Rb8 13. c3 Rb5 14. d4 bxc3 
15. bxc3 exd4 16. cxd4 Nb4 17. Re3 c5 18. Ba3 Nc6 19. dxc5 dxc5 20. h3 Qc7 
21. Nc4 Nxa5 22. Qc2 Rfb8 23. Nxa5 Qxa5 24. Ne5 Qb6 25. Ree1 Rb3 26. Nc4 Qb5 
27. Rec1 a5 28. Nd2 a4 29. Nxb3 axb3 30. Qc4 Qxc4 31. Rxc4 Ra8 32. Bb2 Rxa1+ 
33. Bxa1 Nd7 34. Rc1 Nb6 35. Be5 c4 36. Kf1 Kf7 37. Ke2 Na4 38. Rxc4 b2 
39. Bxb2 Nxb2 40. Rc7 e5 41. Ra7 Nc4 42. Kd3 Nb2+ 43. Kc2 Nc4 44. Kc3 Nd6 
45. Kd3 Ne8 46. Kc4 Nf6 47. Kd3 g5 48. Ke3 h5 49. g3 Ke6 50. Ra6+ Bd6 51. f3 h4 
52. gxh4 gxh4 53. f4 exf4+ 54. Kf3 Nd7 55. Kg4 Nc5 56. Rxd6+ Kxd6 57. Kxf4 Kc7 
1/2-1/2

[Event "Thursday 26 April Rapid Engine Tour 12+1 Rounds 9 Starts 1600ST"]
[Site "Infinity Chess"]
[Date "2018.4.26"]
[Round "8"]
[White "NINJA_JENGKA"]
[Black "SkyPilot"]
[Result "1/2-1/2"]
[ECO "D04"]
[WhiteElo "2428"]
[BlackElo "2424"]
[WhiteEngine "Houdini 6"]
[BlackEngine "stockfish_x64_bmi2_2018_04_07_CTG"]
[EventType "Swiss"]
[WhiteTeam ""]
[BlackTeam ""]
[PlyCount "127"]
[TimeControl "720+1"]

1. d4 d5 2. Nf3 Nf6 3. e3 c5 4. c4 e6 5. a3 h6 6. Nc3 dxc4 7. Bxc4 a6 8. O-O b5 
9. Ba2 Bb7 10. Qe2 Qc7 11. e4 cxd4 12. Nxd4 Bd6 13. g3 Be5 14. Be3 Nc6 
15. Nxc6 Bxc6 16. f3 O-O 17. Rac1 Qb7 18. Nd1 Rfc8 19. b4 a5 20. Nf2 axb4 
21. axb4 Nd7 22. Bb3 Ra3 23. Rb1 Bd6 24. Nd3 Ne5 25. Nxe5 Bxe5 26. Rfd1 Raa8 
27. Bc5 Bf6 28. Qf2 Be7 29. Bd4 Bxb4 30. Bxg7 Kxg7 31. Qd4+ Kg8 32. Qxb4 Qb6+ 
33. Qd4 Qxd4+ 34. Rxd4 Be8 35. Kf2 Ra3 36. Rb2 Rc3 37. Bd1 Kf8 38. Be2 Bc6 
39. Rdb4 Kg7 40. Rd2 Kg6 41. Rbb2 Kg7 42. Rd8 Kf6 43. Rb8 Ke7 44. g4 Kf6 
45. h4 Ke5 46. Rf8 f6 47. g5 hxg5 48. hxg5 fxg5 49. Bxb5 Ba8 50. Be2 g4 
51. f4+ Kd6 52. Bxg4 Ke7 53. Rg8 Bxe4 54. Re2 Bd5 55. Rh8 Rg3 56. Bxe6 Bxe6 
57. Rh7+ Kd6 58. Rh6 Ke7 59. Rexe6+ Kf8 60. f5 Rh3 61. Rxh3 Rxh3 62. Rc6 Kf7 
63. Rc8 Rh1 64. Ke3 1/2-1/2

[Event "Thursday 26 April Rapid Engine Tour 12+1 Rounds 9 Starts 1600ST"]
[Site "Infinity Chess"]
[Date "2018.4.26"]
[Round "8"]
[White "angriff"]
[Black "Harry_Potter"]
[Result "1/2-1/2"]
[ECO "C50"]
[WhiteElo "2404"]
[BlackElo "2502"]
[WhiteEngine "DracoREX 3.07 64BIT POPCNT_CTG"]
[BlackEngine "Stockfish_x64_bmi2_CTG"]
[EventType "Swiss"]
[WhiteTeam ""]
[BlackTeam ""]
[PlyCount "63"]
[TimeControl "720+1"]

1. e4 e5 2. Nf3 Nc6 3. Bc4 Bc5 4. O-O Nf6 5. d3 d6 6. c3 O-O 7. Bg5 h6 8. Bh4 g5 
9. Bg3 a5 10. a4 Kg7 11. Nbd2 Ba7 12. Re1 Nh7 13. h3 h5 14. d4 g4 15. Nh4 exd4 
16. Nf5+ Bxf5 17. exf5 d5 18. Bd3 Nf6 19. Qc1 Rg8 20. hxg4 Kh7 21. g5 Rxg5 
22. Bf4 Rg4 23. Nf3 Ne4 24. Bxe4 dxe4 25. Ng5+ Kg7 26. Nxe4 d3 27. f6+ Kh7 
28. Kh2 Rh4+ 29. Kg3 Rg4+ 30. Kh2 Rh4+ 31. Kg3 Rg4+ 32. Kh2 1/2-1/2

[Event "Thursday 26 April Rapid Engine Tour 12+1 Rounds 9 Starts 1600ST"]
[Site "Infinity Chess"]
[Date "2018.4.26"]
[Round "8"]
[White "MedusaV2"]
[Black "HerzsjeMZ"]
[Result "1/2-1/2"]
[ECO "D02"]
[WhiteElo "2405"]
[BlackElo "2454"]
[WhiteEngine "Eman 1.70-beta23 64-bit POPCNT"]
[BlackEngine "BrainFish_180423_x64_modern"]
[EventType "Swiss"]
[WhiteTeam ""]
[BlackTeam ""]
[PlyCount "120"]
[TimeControl "720+1"]

1. d4 d5 2. Nf3 Nf6 3. c4 e6 4. g3 Bb4+ 5. Bd2 Be7 6. Bg2 O-O 7. Qc2 c6 
8. O-O b6 9. Ne5 Bb7 10. Bf4 Nbd7 11. Rd1 Nh5 12. Bd2 Nhf6 13. cxd5 cxd5 
14. Nc6 Bxc6 15. Qxc6 a6 16. Qc2 b5 17. a3 Qb6 18. e3 Rfc8 19. Nc3 Rc4 
20. Rdc1 Rac8 21. Qd1 h6 22. Bf1 R4c6 23. a4 b4 24. a5 Qb7 25. Na2 Nb8 
26. Rxc6 Nxc6 27. Nc1 e5 28. Nb3 e4 29. Rc1 Nd7 30. Qh5 Nf6 31. Qd1 Nd7 
32. Qh5 Nf6 33. Qh3 Rc7 34. Qf5 Na7 35. Nc5 Bxc5 36. Rxc5 Rxc5 37. dxc5 Nc6 
38. Bh3 Qb5 39. Qc8+ Kh7 40. Qc7 Qxc5 41. Bf5+ Kh8 42. Kg2 Ng8 43. Qxf7 Qxa5 
44. Qf8 Qb6 45. Be6 Nce7 46. Bxg8 Nxg8 47. Bxb4 Qf6 48. Qxf6 Nxf6 49. f4 exf3+ 
50. Kxf3 g5 51. Bc3 Kg7 52. h4 Kf7 53. Bxf6 Kxf6 54. Kg4 gxh4 55. gxh4 Ke5 
56. Kh5 Ke4 57. Kxh6 Kxe3 58. h5 d4 59. Kg6 d3 60. h6 d2 1/2-1/2

[Event "Thursday 26 April Rapid Engine Tour 12+1 Rounds 9 Starts 1600ST"]
[Site "Infinity Chess"]
[Date "2018.4.26"]
[Round "7"]
[White "angriff"]
[Black "IronMan"]
[Result "1-0"]
[ECO "C55"]
[WhiteElo "2388"]
[BlackElo "2392"]
[WhiteEngine "DracoREX 3.07 64BIT POPCNT_CTG"]
[BlackEngine "Eman 170b23-EXP4"]
[EventType "Swiss"]
[WhiteTeam ""]
[BlackTeam ""]
[PlyCount "166"]
[TimeControl "720+1"]

1. e4 e5 2. Nf3 Nc6 3. Bc4 Nf6 4. d3 Bc5 5. O-O d6 6. c3 O-O 7. Bg5 h6 8. Bh4 a5 
9. a4 Be6 10. Nbd2 g5 11. Bg3 Ba7 12. Re1 Kg7 13. h3 Nh5 14. Bh2 Nf4 
15. Bxf4 gxf4 16. Bxe6 fxe6 17. Nc4 Kh7 18. Re2 Rg8 19. Qc2 Qe8 20. Kh1 Qh5 
21. Rg1 Rg7 22. Ree1 Bc5 23. Ref1 Rag8 24. Qe2 Qg6 25. Kh2 Qf7 26. Qc2 Qf6 
27. Qb3 Qg6 28. Kh1 Rb8 29. Qb5 Qe8 30. Ncd2 Bb6 31. Qc4 Rd8 32. Qb3 Rb8 
33. Nc4 Ba7 34. Nfd2 Bc5 35. Qd1 Ba7 36. Nf3 Qg6 37. Qc2 Qf6 38. Re1 Qg6 
39. Ref1 Qh5 40. Rd1 Rbg8 41. Qe2 Qe8 42. Qc2 Qh5 43. Kh2 Kh8 44. Rde1 Bc5 
45. Ref1 Qg6 46. Kh1 Qf6 47. Qb3 Rb8 48. Qb5 Qf8 49. Kh2 Qe8 50. Qb3 Qf7 
51. Ncd2 Kh7 52. Kh1 Bb6 53. Qd1 Ba7 54. Nc4 Qf6 55. Qc2 Qf7 56. Rd1 Rbg8 
57. Qd2 d5 58. Na3 Bc5 59. Qc2 Kh8 60. Qe2 Kh7 61. Nb1 Bb6 62. Nbd2 Rg6 
63. b4 axb4 64. cxb4 Ba7 65. b5 Nd4 66. Nxd4 Bxd4 67. Nf3 Ra8 68. Qc2 Qd7 
69. exd5 exd5 70. Rde1 Qd6 71. Nxd4 exd4 72. Qd1 c5 73. Qh5 Rag8 74. Re5 Rg5 
75. Rxg5 Rxg5 76. Qf7+ Rg7 77. Qf5+ Qg6 78. Qxd5 f3 79. Qxf3 Qe6 80. a5 Rf7 
81. Qh5 c4 82. dxc4 Qxc4 83. Rd1 Rxf2 1-0

[Event "Thursday 26 April Rapid Engine Tour 12+1 Rounds 9 Starts 1600ST"]
[Site "Infinity Chess"]
[Date "2018.4.26"]
[Round "7"]
[White "SkyPilot"]
[Black "coreoptimist"]
[Result "1/2-1/2"]
[ECO "E10"]
[WhiteElo "2428"]
[BlackElo "2339"]
[WhiteEngine "stockfish_x64_bmi2_2018_04_07_CTG"]
[BlackEngine "asmFishW_2018-04-11_bmi2_CTG"]
[EventType "Swiss"]
[WhiteTeam ""]
[BlackTeam ""]
[PlyCount "133"]
[TimeControl "720+1"]

1. d4 Nf6 2. c4 e6 3. Nf3 d5 4. Nc3 c6 5. Bg5 h6 6. Bxf6 Qxf6 7. e3 Nd7 
8. Be2 g6 9. O-O Bg7 10. e4 dxe4 11. Nxe4 Qf4 12. Qc2 f5 13. Nc3 Bxd4 14. g3 Qd6 
15. Rad1 e5 16. Rfe1 O-O 17. Qd2 Qf6 18. Nxd4 exd4 19. Qxd4 Qxd4 20. Rxd4 Re8 
21. Na4 Nf6 22. Rdd1 Kf7 23. b3 Re7 24. Nc5 b6 25. Nd3 Bb7 26. f4 c5 
27. Ne5+ Kg7 28. Rd6 g5 29. Bd3 Be4 30. Nc6 Rc7 31. Nd8 Re7 32. Bb1 gxf4 
33. Ne6+ Kf7 34. Nxf4 Bxb1 35. Rxb1 Rae8 36. Rf1 Rd7 37. Rxd7+ Nxd7 38. Nd5 Kg6 
39. Rd1 Nf6 40. Nxf6 Kxf6 41. Kf2 Re6 42. Rd7 a5 43. a4 Kg5 44. Kf3 Kf6 
45. h3 Ke5 46. Rh7 Kd4 47. Kf4 Kc3 48. Kxf5 Rc6 49. h4 Kxb3 50. g4 Kxa4 
51. g5 hxg5 52. hxg5 Kb3 53. g6 Rc8 54. g7 Rg8 55. Ke6 Kxc4 56. Kf7 Rd8 
57. Rh4+ Kc3 58. Rh3+ Kc4 59. Rh4+ Kc3 60. Rh3+ Kb4 61. Rh4+ c4 62. Re4 a4 
63. Re8 Rd7+ 64. Re7 Rd8 65. Re8 Rd7+ 66. Re7 Rd8 67. Re8 1/2-1/2

[Event "Thursday 26 April Rapid Engine Tour 12+1 Rounds 9 Starts 1600ST"]
[Site "Infinity Chess"]
[Date "2018.4.26"]
[Round "7"]
[White "ludimilojko"]
[Black "Vimtiroba"]
[Result "1/2-1/2"]
[ECO "C48"]
[WhiteElo "2279"]
[BlackElo "2441"]
[WhiteEngine "Raubfisch X38b_CTG"]
[BlackEngine "AsmFish A25_CTG"]
[EventType "Swiss"]
[WhiteTeam ""]
[BlackTeam ""]
[PlyCount "74"]
[TimeControl "720+1"]

1. e4 e5 2. Nf3 Nc6 3. Nc3 Nf6 4. Bb5 Bc5 5. O-O O-O 6. Nxe5 Nxe5 7. d4 Bd6 
8. f4 Neg4 9. e5 Bb4 10. Qf3 d5 11. h3 Bf5 12. hxg4 Nxg4 13. Nd1 c6 14. Bd3 Qh4 
15. Qh3 Qxh3 16. gxh3 Nh6 17. Ne3 Bxd3 18. cxd3 f5 19. Kf2 g6 20. Rg1 Be7 
21. Bd2 Kh8 22. Nc2 Nf7 23. Ba5 Rae8 24. Raf1 Rg8 25. Ke2 b6 26. Bb4 Bxb4 
27. Nxb4 Nd8 28. Rc1 Ne6 29. Ke3 g5 30. Nxc6 gxf4+ 31. Kf2 Rxg1 32. Rxg1 Rc8 
33. Ne7 Rc2+ 34. Ke1 Rc1+ 35. Kf2 Rc2+ 36. Ke1 Rc1+ 37. Kf2 Rc2+ 1/2-1/2

[Event "Thursday 26 April Rapid Engine Tour 12+1 Rounds 9 Starts 1600ST"]
[Site "Infinity Chess"]
[Date "2018.4.26"]
[Round "7"]
[White "ocirema"]
[Black "MarioDeMonti"]
[Result "1/2-1/2"]
[ECO "D11"]
[WhiteElo "2446"]
[BlackElo "2419"]
[WhiteEngine "asmFishW_2018-04-24_popcnt"]
[BlackEngine "stockfish_x64_bmi2_2018_02_18_CTG"]
[EventType "Swiss"]
[WhiteTeam ""]
[BlackTeam ""]
[PlyCount "169"]
[TimeControl "720+1"]

1. d4 d5 2. c4 c6 3. Nf3 Nf6 4. e3 e6 5. Nbd2 Nbd7 6. Bd3 c5 7. cxd5 exd5 
8. O-O Be7 9. b3 cxd4 10. Nxd4 Ne5 11. N2f3 Nxd3 12. Qxd3 O-O 13. Bb2 Ne4 
14. Rac1 Bf6 15. Ba1 a5 16. h3 a4 17. Ne2 axb3 18. Qxb3 Bxa1 19. Rxa1 Qd6 
20. Nf4 Ra5 21. Rfd1 Be6 22. Qb2 b6 23. Nd4 Rc8 24. Nb5 Qd7 25. Nd4 Qd6 
26. Nb5 Qd7 27. a4 Nc5 28. Nc3 Nxa4 29. Nxa4 Rxa4 30. Qxb6 h6 31. Rac1 Rxc1 
32. Rxc1 Rc4 33. Rd1 Qa4 34. Rb1 Qd7 35. Qb8+ Kh7 36. Rb7 Qc8 37. Qxc8 Rxc8 
38. Rb6 Re8 39. Rd6 g5 40. Nxd5 Rc8 41. Nb4 Rc1+ 42. Kh2 h5 43. Nc6 Rc2 
44. f4 gxf4 45. exf4 Bc8 46. Nd8 Kg7 47. Rc6 Bf5 48. Rxc2 Bxc2 49. Nc6 Be4 
50. Nd4 Kf6 51. Kg1 h4 52. Kf2 Bb7 53. Kf1 Be4 54. Kf2 Bd5 55. g3 hxg3+ 
56. Kxg3 Bh1 57. Kf2 Bd5 58. Ne2 Be6 59. h4 Kf5 60. Kg3 Kf6 61. Nd4 Bd7 
62. Kf3 Kg6 63. Kf2 Bc8 64. Ne2 Kf5 65. Kf3 Bb7+ 66. Kg3 Ba8 67. Nd4+ Kf6 
68. Ne2 Bd5 69. Kg4 Be6+ 70. Kf3 Bd5+ 71. Kf2 Kf5 72. Kg3 Kf6 73. Nc3 Bb3 
74. Ne4+ Kf5 75. Nd6+ Kf6 76. Ne4+ Kf5 77. Nd6+ Kg6 78. Nb7 Kh5 79. Nc5 Bc2 
80. Nb7 Bh7 81. Nd6 Bd3 82. Nxf7 Bc2 83. Ng5 Kg6 84. Nf3 Kh5 85. f5 1/2-1/2

[Event "Thursday 26 April Rapid Engine Tour 12+1 Rounds 9 Starts 1600ST"]
[Site "Infinity Chess"]
[Date "2018.4.26"]
[Round "7"]
[White "MedusaV2"]
[Black "hafaba"]
[Result "1-0"]
[ECO "B90"]
[WhiteElo "2387"]
[BlackElo "2436"]
[WhiteEngine "Eman 1.70-beta23 64-bit POPCNT"]
[BlackEngine "Eman 1.70-beta21 64-bit POPCNT_CTG"]
[EventType "Swiss"]
[WhiteTeam ""]
[BlackTeam ""]
[PlyCount "147"]
[TimeControl "720+1"]

1. e4 c5 2. Nf3 d6 3. d4 cxd4 4. Nxd4 Nf6 5. Nc3 a6 6. h3 e6 7. g4 d5 
8. Nde2 Bb4 9. a3 Ba5 10. b4 Bb6 11. exd5 Nxd5 12. Ne4 O-O 13. c4 Ne7 
14. Bb2 Nbc6 15. Qb3 e5 16. Rd1 Nd4 17. Bxd4 Bxd4 18. Bg2 Nc6 19. O-O Qe7 
20. c5 Be6 21. Qg3 Bc4 22. Rfe1 Bxe2 23. Rxe2 Rad8 24. Nd6 Qc7 25. Red2 g6 
26. Bd5 Qe7 27. Qf3 Rxd6 28. cxd6 Qxd6 29. Bxc6 bxc6 30. Rc1 Rc8 31. Kg2 c5 
32. Rdc2 a5 33. bxc5 Rxc5 34. Rxc5 Bxc5 35. a4 Qd4 36. Rc2 Kg7 37. g5 Be7 
38. Rc7 Qd8 39. Ra7 Qd2 40. h4 Qb4 41. Kh3 Qc5 42. Rd7 Qc8 43. Qd5 Kf8 
44. Qb7 Qc3+ 45. Kg2 Qc5 46. Rd5 Qc4 47. Qb8+ Kg7 48. Qxe5+ Kg8 49. Rd4 Qc6+ 
50. Qd5 Qxd5+ 51. Rxd5 Bb4 52. Kf3 Kf8 53. Rb5 Bd2 54. Ke4 Kg7 55. f4 Be1 
56. f5 gxf5+ 57. Kxf5 Bc3 58. Rc5 Be1 59. h5 h6 60. g6 Kg8 61. Rc8+ Kg7 
62. Rc7 Bb4 63. gxf7 Bd6 64. Rc6 Bf8 65. Ke6 Ba3 66. Rc3 Bd6 67. Kxd6 Kxf7 
68. Rf3+ Kg8 69. Rg3+ Kh8 70. Ke7 Kh7 71. Kf8 Kh8 72. Kf7 Kh7 73. Rg6 Kh8 
74. Rxh6# 1-0

[Event "Thursday 26 April Rapid Engine Tour 12+1 Rounds 9 Starts 1600ST"]
[Site "Infinity Chess"]
[Date "2018.4.26"]
[Round "7"]
[White "Harry_Potter"]
[Black "NINJA_JENGKA"]
[Result "1/2-1/2"]
[ECO "C50"]
[WhiteElo "2505"]
[BlackElo "2425"]
[WhiteEngine "Stockfish_x64_bmi2_CTG"]
[BlackEngine "Houdini 6"]
[EventType "Swiss"]
[WhiteTeam ""]
[BlackTeam ""]
[PlyCount "122"]
[TimeControl "720+1"]

1. e4 e5 2. Nf3 Nc6 3. Bc4 Bc5 4. O-O Nf6 5. d3 d6 6. c3 O-O 7. h3 a5 8. Bg5 Rb8 
9. d4 Ba7 10. Re1 b5 11. Bb3 h6 12. Be3 Re8 13. Nbd2 a4 14. Bc2 Bb7 15. d5 Bxe3 
16. Rxe3 Ne7 17. c4 Ba6 18. Rc1 Qd7 19. Bd3 bxc4 20. Bxc4 Bxc4 21. Nxc4 Rec8 
22. Rcc3 Nh7 23. Nh4 Rb4 24. Re2 Nf6 25. a3 Rb7 26. Na5 Rb6 27. Qc2 g6 
28. Nc4 Rb5 29. Re1 Rb7 30. Qd2 g5 31. Nf3 Kg7 32. Qc2 Rcb8 33. Rb1 Rb3 
34. Nfd2 Rxc3 35. bxc3 Rxb1+ 36. Qxb1 g4 37. hxg4 Qxg4 38. Ne3 Qe2 39. Ndf1 h5 
40. f3 Kf8 41. Qb4 Qe1 42. Qxa4 Qxc3 43. Qa7 h4 44. Kh2 Ne8 45. Qa4 Qa1 
46. Qb3 f5 47. exf5 Nf6 48. Qc4 e4 49. f4 Qxa3 50. Qxc7 Qb4 51. Qd8+ Kf7 
52. Qh8 Qc5 53. Qxh4 Nexd5 54. Nxd5 Qxd5 55. Ng3 e3 56. Nh5 Qxf5 57. Nxf6 Qxf6 
58. Qxf6+ Kxf6 59. Kg3 d5 60. Kf3 d4 61. Ke2 Kf5 1/2-1/2

[Event "Thursday 26 April Rapid Engine Tour 12+1 Rounds 9 Starts 1600ST"]
[Site "Infinity Chess"]
[Date "2018.4.26"]
[Round "7"]
[White "HerzsjeMZ"]
[Black "star99"]
[Result "1/2-1/2"]
[ECO "C42"]
[WhiteElo "2454"]
[BlackElo "2456"]
[WhiteEngine "BrainFish_180423_x64_modern"]
[BlackEngine "Cryptic Heroes 9.4B"]
[EventType "Swiss"]
[WhiteTeam ""]
[BlackTeam ""]
[PlyCount "105"]
[TimeControl "720+1"]

1. e4 e5 2. Nf3 Nf6 3. Nxe5 d6 4. Nf3 Nxe4 5. d4 d5 6. Bd3 Nc6 7. O-O Be7 
8. Nbd2 Nd6 9. c3 Bf5 10. Be2 O-O 11. Re1 a5 12. Nf1 a4 13. Bf4 Ne4 14. Ne3 Be6 
15. Nd2 f5 16. Nxe4 fxe4 17. Bg4 Bf7 18. f3 Bg5 19. Bxg5 Qxg5 20. fxe4 dxe4 
21. Bf5 Bh5 22. Bg4 Bf7 23. Qc2 Bg6 24. b3 a3 25. Bd7 Rad8 26. Bxc6 bxc6 
27. Qe2 Bf7 28. Rf1 Bh5 29. Rxf8+ Rxf8 30. Qd2 Rf3 31. Re1 h6 32. Qc1 Bf7 
33. Re2 Bh5 34. Re1 Bf7 35. c4 Bh5 36. c5 Bf7 37. Re2 Be6 38. Qd2 Kh7 
39. Re1 Bd5 40. Qe2 Rf4 41. Nxd5 cxd5 42. Qe3 Qf6 43. b4 c6 44. h3 Rf5 
45. Rb1 Qf7 46. Qg3 Rf6 47. Re1 Rf4 48. Rb1 Qf6 49. Qe3 Qg5 50. Kh2 Qf6 
51. Kg1 Rf5 52. Rc1 Rf4 53. Rb1 1/2-1/2

[Event "Thursday 26 April Rapid Engine Tour 12+1 Rounds 9 Starts 1600ST"]
[Site "Infinity Chess"]
[Date "2018.4.26"]
[Round "6"]
[White "ludimilojko"]
[Black "SkyPilot"]
[Result "1/2-1/2"]
[ECO "C55"]
[WhiteElo "2272"]
[BlackElo "2435"]
[WhiteEngine "Raubfisch X38b_CTG"]
[BlackEngine "stockfish_x64_bmi2_2018_04_07_CTG"]
[EventType "Swiss"]
[WhiteTeam ""]
[BlackTeam ""]
[PlyCount "64"]
[TimeControl "720+1"]

1. e4 e5 2. Nf3 Nc6 3. Bc4 Nf6 4. d3 Bc5 5. O-O d6 6. c3 O-O 7. Bg5 h6 8. Bh4 a5 
9. h3 g5 10. Bg3 Nh5 11. d4 Nxg3 12. fxg3 Ba7 13. Na3 g4 14. hxg4 exd4 
15. cxd4 Qf6 16. Nc2 Bxg4 17. Kh2 Qg7 18. Qd3 Kh8 19. Bd5 Ne7 20. Nh4 c6 
21. Bb3 Be6 22. Bxe6 fxe6 23. Rxf8+ Rxf8 24. Rf1 Rxf1 25. Qxf1 Bb6 26. Qf4 Ng6 
27. Nxg6+ Qxg6 28. Qxd6 Qh5+ 29. Kg1 Qd1+ 30. Kh2 Qh5+ 31. Kg1 Qd1+ 32. Kh2 Qh5+ 
1/2-1/2

[Event "Thursday 26 April Rapid Engine Tour 12+1 Rounds 9 Starts 1600ST"]
[Site "Infinity Chess"]
[Date "2018.4.26"]
[Round "6"]
[White "coreoptimist"]
[Black "angriff"]
[Result "1/2-1/2"]
[ECO "C55"]
[WhiteElo "2337"]
[BlackElo "2390"]
[WhiteEngine "asmFishW_2018-04-11_bmi2_CTG"]
[BlackEngine "DracoREX 3.07 64BIT POPCNT_CTG"]
[EventType "Swiss"]
[WhiteTeam ""]
[BlackTeam ""]
[PlyCount "89"]
[TimeControl "720+1"]

1. e4 e5 2. Nf3 Nc6 3. Bc4 Nf6 4. d3 Bc5 5. O-O d6 6. c3 a5 7. h3 O-O 8. Nbd2 h6 
9. Re1 Be6 10. a4 Ba7 11. b3 d5 12. exd5 Nxd5 13. Ne4 Re8 14. Bd2 Nf6 
15. Qe2 Qe7 16. Bb5 Bxb3 17. c4 Nxe4 18. Qxe4 Rad8 19. Bxc6 bxc6 20. Bc3 Qd6 
21. Bxe5 Qxd3 22. Qg4 Qg6 23. Qxg6 fxg6 24. Bxc7 Rxe1+ 25. Rxe1 Rd1 
26. Rxd1 Bxd1 27. Bxa5 Bxa4 28. Kf1 Bd1 29. Ne5 Bb3 30. Nxc6 Bxc4+ 31. Kg1 Bc5 
32. Ne5 Bf7 33. Nxf7 Kxf7 34. Kf1 Bd4 35. f4 Be3 36. g3 g5 37. fxg5 Bxg5 
38. Bc3 Bf6 39. Be1 Ba1 40. Bd2 Be5 41. Kf2 h5 42. Ba5 Bd4+ 43. Kg2 g6 
44. g4 hxg4 45. hxg4 1/2-1/2

[Event "Thursday 26 April Rapid Engine Tour 12+1 Rounds 9 Starts 1600ST"]
[Site "Infinity Chess"]
[Date "2018.4.26"]
[Round "6"]
[White "MarioDeMonti"]
[Black "MedusaV2"]
[Result "1/2-1/2"]
[ECO "B90"]
[WhiteElo "2420"]
[BlackElo "2386"]
[WhiteEngine "stockfish_x64_bmi2_2018_02_18_CTG"]
[BlackEngine "Eman 1.70-beta23 64-bit POPCNT"]
[EventType "Swiss"]
[WhiteTeam ""]
[BlackTeam ""]
[PlyCount "111"]
[TimeControl "720+1"]

1. e4 c5 2. Nf3 d6 3. d4 cxd4 4. Nxd4 Nf6 5. Nc3 a6 6. Be3 e5 7. Nb3 Be6 
8. f3 Nbd7 9. Qd2 Be7 10. g4 O-O 11. O-O-O b5 12. a3 Nb6 13. g5 Nh5 14. Na5 Rc8 
15. Kb1 g6 16. Rg1 Qc7 17. Nd5 Nxd5 18. exd5 Bd7 19. c4 Nf4 20. Rc1 Qb8 
21. h4 Rfe8 22. Rh1 Bf8 23. Ka2 Bg7 24. Rh2 Qa8 25. b3 Rc7 26. h5 Nxh5 
27. Bd3 bxc4 28. bxc4 f5 29. gxf6 Nxf6 30. Bb6 Rcc8 31. Qg5 e4 32. fxe4 Re5 
33. Qg1 Rce8 34. Bd4 Nxe4 35. Rcc2 Rg5 36. Qa1 Bxd4 37. Qxd4 Bf5 38. Bxe4 Rxe4 
39. Qf6 Rg3 40. Rb2 Ree3 41. Rb6 Qe8 42. Qxd6 Rxa3+ 43. Kb2 Ra1 44. Kxa1 Qe1+ 
45. Ka2 Qxa5+ 46. Kb2 Qc3+ 47. Ka2 Qxc4+ 48. Kb2 Qc3+ 49. Ka2 Qc4+ 50. Kb2 Qc3+ 
51. Ka2 Bb1+ 52. Rxb1 Qa5+ 53. Kb2 Qc3+ 54. Ka2 Qa5+ 55. Kb2 Qc3+ 56. Ka2 
1/2-1/2

[Event "Thursday 26 April Rapid Engine Tour 12+1 Rounds 9 Starts 1600ST"]
[Site "Infinity Chess"]
[Date "2018.4.26"]
[Round "6"]
[White "IronMan"]
[Black "NINJA_JENGKA"]
[Result "0-1"]
[ECO "C77"]
[WhiteElo "2408"]
[BlackElo "2409"]
[WhiteEngine "Eman 170b23-EXP4"]
[BlackEngine "Houdini 6"]
[EventType "Swiss"]
[WhiteTeam ""]
[BlackTeam ""]
[PlyCount "63"]
[TimeControl "720+1"]

1. e4 e5 2. Nf3 Nc6 3. Bb5 a6 4. Ba4 Nf6 5. O-O Be7 6. Bxc6 dxc6 7. Re1 Bg4 
8. h3 Bh5 9. d3 Qc8 10. Bd2 Bd6 11. Be3 Rg8 12. Nbd2 g5 13. g4 Nxg4 
14. hxg4 Bxg4 15. b4 b6 16. c4 Bxb4 17. Qa4 Bxf3 18. Nxf3 Qg4+ 19. Kf1 Qxf3 
20. Qxb4 O-O-O 21. Qa4 Kb7 22. Qd1 Qh3+ 23. Ke2 g4 24. Rg1 f5 25. exf5 Qf3+ 
26. Kd2 Qxf5 27. Kc3 h5 28. c5 b5 29. Rh1 g3 30. Rxh5 Qe6 31. Qd2 g2 32. f3 0-1

[Event "Thursday 26 April Rapid Engine Tour 12+1 Rounds 9 Starts 1600ST"]
[Site "Infinity Chess"]
[Date "2018.4.26"]
[Round "6"]
[White "Vimtiroba"]
[Black "star99"]
[Result "1/2-1/2"]
[ECO "A15"]
[WhiteElo "2440"]
[BlackElo "2457"]
[WhiteEngine "AsmFish A25_CTG"]
[BlackEngine "Cryptic Heroes 9.4B"]
[EventType "Swiss"]
[WhiteTeam ""]
[BlackTeam ""]
[PlyCount "94"]
[TimeControl "720+1"]

1. c4 Nf6 2. d4 e6 3. Nc3 d5 4. Nf3 Bb4 5. cxd5 exd5 6. Bf4 Ne4 7. Rc1 Bxc3+ 
8. bxc3 g5 9. Be3 f5 10. g3 Rf8 11. Qa4+ Nc6 12. Ne5 f4 13. f3 fxe3 14. fxe4 a6 
15. Nd3 b5 16. Qb3 dxe4 17. Nc5 Ne5 18. Qc2 Bf5 19. dxe5 Qd5 20. Nb3 Bg4 
21. Ra1 Qf7 22. Qxe4 Qf2+ 23. Kd1 Qxf1+ 24. Rxf1 Rxf1+ 25. Kc2 Bf5 
26. Rxf1 Bxe4+ 27. Kc1 Ke7 28. Rf6 a5 29. Nd4 b4 30. Kb2 Rd8 31. Re6+ Kf7 
32. Rf6+ Ke8 33. Re6+ Kf7 34. a3 c5 35. Rf6+ Kg8 36. Ne6 Rd2+ 37. Kc1 h6 
38. Rf8+ Kh7 39. Rf7+ Kg6 40. Rf6+ Kh7 41. Rf7+ Kg6 42. Rf6+ Kh7 43. h3 bxa3 
44. Rf7+ Kg6 45. Rf6+ Kh7 46. Rf7+ Kg6 47. Rf6+ Kh7 1/2-1/2

[Event "Thursday 26 April Rapid Engine Tour 12+1 Rounds 9 Starts 1600ST"]
[Site "Infinity Chess"]
[Date "2018.4.26"]
[Round "6"]
[White "ocirema"]
[Black "Harry_Potter"]
[Result "1/2-1/2"]
[ECO "E10"]
[WhiteElo "2443"]
[BlackElo "2508"]
[WhiteEngine "asmFishW_2018-04-24_popcnt"]
[BlackEngine "Stockfish_x64_bmi2_CTG"]
[EventType "Swiss"]
[WhiteTeam ""]
[BlackTeam ""]
[PlyCount "144"]
[TimeControl "720+1"]

1. d4 Nf6 2. c4 e6 3. Nf3 d5 4. Nc3 Be7 5. Bf4 O-O 6. e3 Nbd7 7. a3 c5 
8. cxd5 Nxd5 9. Nxd5 exd5 10. dxc5 Nxc5 11. Be5 Bf5 12. Be2 Bf6 13. Rc1 Bxe5 
14. Nxe5 Rc8 15. O-O Qf6 16. b4 Qxe5 17. bxc5 Rfe8 18. Qa4 d4 19. Bb5 Red8 
20. exd4 Qxd4 21. Qxa7 Be4 22. Qa4 Qxa4 23. Bxa4 Bc6 24. Bxc6 Rxc6 
25. Rfd1 Rxd1+ 26. Rxd1 Kf8 27. Rd8+ Ke7 28. Rb8 Rc7 29. f3 Ke6 30. Kf2 Kd5 
31. g4 Kxc5 32. h4 b5 33. Ra8 h6 34. Ra5 Kc4 35. Kg3 g6 36. Kf4 Rd7 37. Ra6 Rd5 
38. Ke4 Rd4+ 39. Ke5 Rd3 40. Rc6+ Kb3 41. Ke4 Rd1 42. Rc5 Re1+ 43. Kf4 Ka4 
44. h5 Re6 45. Rc3 gxh5 46. gxh5 Rf6+ 47. Kg4 Rd6 48. f4 Re6 49. Rd3 Rc6 
50. Rd5 Rc8 51. Rf5 Rc6 52. Rxf7 Kxa3 53. f5 Rc4+ 54. Kf3 Rc3+ 55. Ke2 Rh3 
56. f6 Rxh5 57. Ra7+ Kb4 58. f7 Re5+ 59. Kd3 Rf5 60. Ke3 h5 61. Rd7 Ka5 
62. Ke4 Rf1 63. Kd5 h4 64. Kc5 Rf5+ 65. Kd6 h3 66. Ke7 Kb4 67. Rd2 Kc3 
68. Rh2 Kb4 69. f8=Q Rxf8 70. Kxf8 Kc4 71. Rxh3 b4 72. Rh1 b3 1/2-1/2

[Event "Thursday 26 April Rapid Engine Tour 12+1 Rounds 9 Starts 1600ST"]
[Site "Infinity Chess"]
[Date "2018.4.26"]
[Round "6"]
[White "hafaba"]
[Black "HerzsjeMZ"]
[Result "1/2-1/2"]
[ECO "D31"]
[WhiteElo "2435"]
[BlackElo "2455"]
[WhiteEngine "Eman 1.70-beta21 64-bit POPCNT_CTG"]
[BlackEngine "BrainFish_180423_x64_modern"]
[EventType "Swiss"]
[WhiteTeam ""]
[BlackTeam ""]
[PlyCount "55"]
[TimeControl "720+1"]

1. d4 d5 2. c4 e6 3. Nc3 c6 4. Nf3 Nf6 5. Bg5 h6 6. Bh4 dxc4 7. e4 g5 8. Bg3 b5 
9. Be2 Bb7 10. O-O Nbd7 11. Ne5 Bg7 12. Nxd7 Nxd7 13. Bd6 a6 14. a4 Bf8 
15. Bxf8 Kxf8 16. e5 c5 17. axb5 axb5 18. Rxa8 Qxa8 19. dxc5 Bd5 20. Nxd5 Qxd5 
21. Qxd5 exd5 22. Rd1 d4 23. Rxd4 Ke7 24. Rd5 Ke6 25. Rd6+ Ke7 26. Rd5 Ke6 
27. Rd6+ Ke7 28. Rd5 1/2-1/2